 Dungeon Crawl Stone Soup version 0.28.0 (webtiles) character file.

Game seed: 17299156086119050631

2284 crazypyro the Cleaver (level 9, -2/76 (79) HPs)
             Began as a Minotaur Fighter on Feb 9, 2022.
             Was an Initiate of Makhleb.
             Slain by a wight (10 damage)
             ... on level 8 of the Dungeon.
             The game lasted 00:05:44 (6385 turns).

crazypyro the Cleaver (Minotaur Fighter)            Turns: 6385, Time: 00:05:44

HP:   -2/76 (79)    AC: 13    Str: 26    XL:     9   Next: 17%
MP:   8/8           EV:  7    Int:  5    God:    Makhleb [......]
Gold: 318           SH:  5    Dex:  9    Spells: 8/8 levels left

rFire   . . .      SeeInvis +   d - +2 hand axe (venom)
rCold   . . .      Faith    .   c - +0 buckler
rNeg    . . .      Spirit   .   e - +0 plate armour
rPois   .          Reflect  .   (helmet restricted)
rElec   .          Harm     .   (no cloak)
rCorr   .          Rampage  .   (no gloves)
Will    .....                   (no boots)
Stlth   ..........              (no amulet)
HPRegen 0.22/turn               o - ring of see invisible
MPRegen 0.11/turn               (no ring)

@: lightly drained
A: horns 2, retaliatory headbutt
a: Renounce Religion


You were on level 8 of the Dungeon.
You worshipped Makhleb.
Makhleb was noncommittal.
You visited 2 branches of the dungeon, and saw 9 of its levels.

You collected 318 gold pieces.

Inventory:

Hand Weapons
 a - a +0 war axe
 d - a +2 hand axe of venom (weapon)
Armour
 b - a +0 scale mail
 c - a +0 buckler (worn)
 e - a +0 plate armour (worn)
Jewellery
 o - a ring of see invisible (left hand)
Wands
 i - a wand of mindburst (7)
 l - a wand of flame (9)
 t - a wand of iceblast (11)
Scrolls
 f - 5 scrolls of identify {unknown}
 g - 2 scrolls of teleportation {unknown}
 j - 2 scrolls of enchant armour {unknown}
 k - 2 scrolls of immolation {unknown}
 n - 2 scrolls of blinking {unknown}
 p - 2 scrolls of amnesia {unknown}
 q - a scroll of holy word {unknown}
 u - 2 scrolls of enchant weapon {unknown}
Potions
 h - 3 potions of curing {unknown}
 m - a potion of lignification {unknown}
 r - a potion of berserk rage {unknown}
 s - 2 potions of attraction {unknown}
 v - a potion of magic {unknown}
 w - 2 potions of heal wounds {unknown}


   Skills:
 - Level 7.2 Fighting
 * Level 9.7 Axes
 - Level 7.2 Armour
 + Level 1.8 Dodging
 - Level 7.2 Shields
 + Level 1.2 Invocations


You had 8 spell levels left.
You didn't know any spells.
Your spell library contained the following spells:

 Spells                   Type           Power      Damage    Failure   Level
 Ensorcelled Hibernation  Hex/Ice        0%         N/A       100%        2
 Conjure Flame            Conj/Fire      0%         6-21      100%        3
 Gell's Gravitas          Tloc           0%         N/A       100%        3
 Ignite Poison            Fire/Tmut/Pois 0%         N/A       100%        3
 Spider Form              Tmut/Pois      0%         N/A       100%        3
 Teleport Other           Tloc           0%         N/A       100%        3
 Anguish                  Hex/Necr       0%         N/A       100%        4
 Sticky Flame             Conj/Fire      0%         2d3       100%        4
 Dispersal                Tloc           0%         N/A       100%        6


Dungeon Overview and Level Annotations

Branches:
Dungeon (8/15)             Temple (1/1) D:7
   Lair: D:8-11

Altars:
Cheibriados
Elyvilon
Fedhas
Makhleb
Nemelex Xobeh
Uskayaw
The Shining One

Annotations:
D:5 1 runed translucent door, Jase's ghost, amateur DrTm


Innate Abilities, Weirdness & Mutations

You have a pair of horns on your head.
You reflexively headbutt those who attack you in melee.


Message History

The wight is heavily damaged.
You hit the wight. You barely miss the wight.
The wight is heavily damaged.
You hit the wight but do no damage. The wight hits you with a +3 flail.
You hit the wight.
The wight is severely damaged.
You hit the wight. x2; The wight hits you with a +3 flail.
The wight hits you but does no damage.
You barely miss the wight. Your headbutt misses the wight.
The wight is almost destroyed.
You hit the wight but do no damage. You closely miss the wight.
You hit the white imp but do no damage.
The wight hits you with a +0 dire flail.
The white imp hits you but does no damage.
The wight hits you but does no damage. You block the wight's attack.
You slash the wight!
You destroy the wight!
Makhleb accepts your kill.
You completely miss the wight. You hit the wight. You closely miss the wight.
You slash the white imp!
The white imp hits you but does no damage.
The wight hits you with a +0 dire flail.
The wight hits you with a +2 flail. The wight hits you with a +3 flail.
You feel drained.
You are too injured to fight recklessly!
You are too injured to fight recklessly!
You are too injured to fight recklessly!
You hit the wight but do no damage. You headbutt the wight!
The wight is heavily damaged.
You closely miss the white imp. You closely miss the wight.
You hit the wight but do no damage. You block the wight's attack.
The white imp barely misses you. The wight hits you with a +2 flail.
You feel drained. The wight hits you with a +3 flail!
* * * LOW HITPOINT WARNING * * *
The white imp gestures at you. The puff of frost hits you!
* * * LOW HITPOINT WARNING * * *
The wight hits you with a +0 dire flail!
You die...

.... #... ...
..## # ...# .
####.###...#...
....?.z........
......z@.......
......z)5......
...............
>.......#......
..#.....#......
# ##...........
...... ....#
##..... ....#


You could see 3 wights and a white imp.

Vanquished Creatures
  A two-headed ogre (D:7)
  A water moccasin (D:6)
  2 sky beasts
  A centaur (D:6)
  2 necrophages
  A kobold brigand (D:7)
  A bullfrog (D:6)
  3 phantoms
  A gnoll sergeant (D:5)
  A scorpion (D:6)
  2 wights (D:8)
  2 howler monkeys
  A centaur zombie (D:7)
  An orc priest (D:3)
  A hound (D:4)
  A jelly (D:7)
  Jessica (D:3)
  2 iguanas (D:5)
  4 orc wizards
  Robin (D:3)
  4 gnolls (D:5)
  6 adders
  A white imp (D:6)
  An ufetubus (D:7)
  4 worms
  3 dart slugs
  20 orcs
  3 ball pythons
  2 bats (D:3)
  2 endoplasms
  2 giant cockroaches
  15 goblins
  12 hobgoblins
  3 quokkas
  A frilled lizard (D:1)
  13 kobolds
  4 rats
126 creatures vanquished.

Vanquished Creatures (others)
  A withered plant (D:1)
1 creature vanquished.

Grand Total: 127 creatures vanquished

Notes
Turn   | Place    | Note
-------+----------+-------------------------------------------
     0 | D:1      | crazypyro the Minotaur Fighter began the quest for the Orb.
     0 | D:1      | Reached XP level 1. HP: 19/19 MP: 0/0
   193 | D:1      | Reached XP level 2. HP: 21/27 MP: 1/1
   523 | D:1      | Found a faded altar of an unknown god.
   612 | D:2      | Found a snail-covered altar of Cheibriados.
   647 | D:2      | Reached skill level 3 in Axes
   815 | D:2      | You fall into a shaft and drop 2 floors!
   815 | D:4      | Noticed a howler monkey
   826 | D:4      | Killed a howler monkey
   827 | D:4      | Reached XP level 3. HP: 28/33 MP: 2/2
   971 | D:3      | Reached XP level 4. HP: 40/40 MP: 3/3
  1043 | D:3      | Reached skill level 4 in Axes
  1068 | D:3      | Noticed Jessica
  1072 | D:3      | Killed Jessica
  1073 | D:3      | Reached XP level 5. HP: 40/47 MP: 4/4
  2051 | D:3      | Reached skill level 5 in Axes
  2310 | D:3      | Reached XP level 6. HP: 54/55 MP: 5/5
  2316 | D:3      | Noticed Robin
  2326 | D:3      | Killed Robin
  2707 | D:4      | Reached skill level 5 in Armour
  2814 | D:4      | Reached skill level 5 in Fighting
  2816 | D:4      | Reached skill level 5 in Shields
  3355 | D:5      | Entered Level 5 of the Dungeon
  3481 | D:5      | Reached skill level 6 in Axes
  3481 | D:5      | Reached XP level 7. HP: 61/61 MP: 6/6
  3941 | D:5      | Found a runed translucent door.
  3942 | D:5      | Noticed Jase's ghost (amateur DrTm)
  4370 | D:6      | Reached skill level 7 in Axes
  4568 | D:6      | Reached XP level 8. HP: 40/70 MP: 7/7
  4984 | D:6      | Reached skill level 8 in Axes
  5177 | D:7      | Noticed a two-headed ogre
  5187 | D:7      | Killed a two-headed ogre
  5188 | D:7      | Reached skill level 9 in Axes
  5385 | D:7      | Found a staircase to the Ecumenical Temple.
  5441 | Temple   | Entered the Ecumenical Temple
  5494 | Temple   | Became a worshipper of Makhleb the Destroyer
  5572 | D:7      | Reached XP level 9. HP: 76/79 MP: 8/8
  5621 | D:7      | Reached skill level 1 in Dodging
  5908 | D:7      | Reached skill level 1 in Invocations
  6385 | D:8      | Slain by a wight

Illustrated notes

Levels and vault maps discovered:
D:1:      saegor_arrival_simple_c, layout_rooms,
          shapermc_ecumenical_altar_flowoftime
D:2:      layout_loops_cross, basic_altar
D:3:      layout_loops_ring, uniq_robin, uniq_jessica
D:4:      layout_loops_cross, minmay_goblin_outpost
D:5:      layout_basic, gammafunk_ghost_grave
D:6:      layout_gridville
D:7:      layout_basic, temple_pool_b, lemuel_flamethrower_1
D:8:      layout_cave_pools, mainiacjoe_overflow_24_doors, serial_ice,
          serial_ice_k, serial_ice_b, serial_ice_a, serial_ice_d, uniq_harold
Temple:   mainiacjoe_temple_hex_bubbles

Skill      XL: |  1  2  3  4  5  6  7  8  9 |
---------------+----------------------------+-----
Axes           | 3 4 5 6 7 9 |  9.7
Fighting       | 4 5 6 7 |  7.2
Armour         | 4 5 6 7 |  7.2
Shields        | 4 5 6 7 |  7.2
Dodging        | 1 |  1.8
Invocations    | 1 |  1.2

Action                   |  1- 3 |  4- 6 |  7- 9 || total
-------------------------+-------+-------+-------++-------
Melee: War axe           |    36 |    78 |       ||   114
       Headbutt          |     2 |    22 |    23 ||    47
       Hand axe          |       |    59 |   122 ||   181
  Use: Potion            |       |     1 |       ||     1
Armor: Plate armour      |    20 |    85 |    61 ||   166
Dodge: Dodged            |    14 |    40 |    19 ||    73
Block: Buckler           |    11 |    25 |    27 ||    63
